 Dungeon Crawl Stone Soup version 0.32-a0-17-gb74e046682 (webtiles) character file.

Game seed: 10944290966690170005

1402 wildpjah the Carver (level 8, -4/60 HPs)
             Began as a Merfolk Gladiator on Jan 16, 2024.
             Slain by a hornet (6 damage)
             ... on level 7 of the Dungeon.
             The game lasted 00:18:21 (5084 turns).

wildpjah the Carver (Merfolk Gladiator)             Turns: 5084, Time: 00:18:22

Health: -4/60      AC: 17    Str: 14    XL:     8   Next: 69%
Magic:  17/17      EV:  9    Int:  7    God:
Gold:   292        SH:  0    Dex: 18    Spells: 7/7 levels left

rFire   x . .        B - +2 long sword
rCold   + . .        (no shield)
rNeg    . . .        p - +3 chain mail "Xoshrer" {rElec Regen+ MP+9}
rPois   .            c - +0 helmet
rElec   +            H - +1 cloak {Will+}
rCorr   .            v - +1 pair of gloves
SInv    .            (no boots)
Will    +....        C - amulet of the acrobat Stlth
                     n - ring of ice
HPRegen 1.10/turn    (no ring)
MPRegen 0.15/turn

%: acrobat
@: lethally poisoned (-4 -> -7), slowed, very slow
A: (nimble swimmer 2), mertail
a: no special abilities


You were on level 7 of the Dungeon.
You visited 2 branches of the dungeon, and saw 8 of its levels.

You collected 292 gold pieces.

Inventory:

Hand Weapons
 a - a +0 long sword
 u - a +2 dagger of protection
 w - a +0 great sword
 B - a +2 long sword (weapon)
Missiles
 D - 5 poisoned darts
 F - 5 boomerangs
Armour
 c - a +0 helmet (worn)
 p - the +3 chain mail "Xoshrer" (worn) {rElec Regen+ MP+9}
   (You found it on level 2 of the Dungeon)

   rElec:     It insulates you from electricity.
   MP+9:      It affects your magic capacity (+9).
   Regen+:    It increases your rate of health regeneration.
 v - a +1 pair of gloves (worn)
 H - a +1 cloak of willpower (worn)
 J - +0 steam dragon scales
Jewellery
 k - an amulet of faith
 n - a ring of ice (left hand)
 C - an amulet of the acrobat (around neck)
Wands
 y - a wand of mindburst (13)
 I - a wand of iceblast (6)
Scrolls
 f - 4 scrolls of identify {unknown}
 g - a scroll of enchant weapon {unknown}
 h - 2 scrolls of teleportation {unknown}
 i - 2 scrolls of butterflies {unknown}
 l - 2 scrolls of revelation {unknown}
 q - 2 scrolls of vulnerability {unknown}
 r - 2 scrolls of fear {unknown}
 x - 2 scrolls of amnesia {unknown}
 A - a scroll of noise {unknown}
 E - a scroll of enchant armour {unknown}
Potions
 b - a potion of curing {unknown}
 j - 2 potions of haste {unknown}
 m - 2 potions of heal wounds {unknown}
 o - 4 potions of degeneration {unknown}
 s - a potion of might {unknown}
 t - a potion of resistance {unknown}
 z - 2 potions of lignification {unknown}
 G - a potion of berserk rage {unknown}


   Skills:
 + Level 4.3 Fighting
 + Level 9.7 Long Blades
 + Level 2.1 Throwing
 * Level 3.3 Armour
 * Level 6.4 Dodging
 + Level 1.0 Stealth
 + Level 0.1 Evocations


You had 7 spell levels left.
You didn't know any spells.
Your spell library contained the following spells:

 Spells                   Type           Power      Damage    Failure   Level
 Call Canine Familiar     Summ           0%         N/A       100%        3
 Fugue of the Fallen      Necr           0%         N/A       100%        3
 Ozocubu's Armour         Ice            0%         N/A       100%        3
 Sigil of Binding         Hex            0%         N/A       100%        3
 Dimensional Bullseye     Hex/Tloc       0%         N/A       100%        4
 Manifold Assault         Tloc           0%         N/A       100%        4
 Olgreb's Toxic Radiance  Alch           0%         N/A       100%        4
 Ozocubu's Refrigeration  Ice            0%         4d7       100%        7
 Discord                  Hex            0%         N/A       100%        8


Dungeon Overview and Level Annotations

Branches:
Dungeon (7/15)             Temple (1/1) D:4

Altars:
Cheibriados
Dithmenos
Elyvilon
Gozag
Kikubaaqudgha
Makhleb
Nemelex Xobeh
Qazlal
Ru
Sif Muna
Trog
Uskayaw
Vehumet
Wu Jian
Xom
Yredelemnul
Zin

Annotations:
D:6 1 runed translucent door, jejorda2's ghost, novice GnBe


Innate Abilities, Weirdness & Mutations

((You are very nimble when in or above water. (Stealth+, EV+, Speed+++)))
Your lower body shifts to a powerful aquatic tail in water.


Message History

You catch the helpless hornet completely off-guard!
You hit the hornet but do no damage.
The hornet is heavily wounded.
You feel sick.
The hornet struggles against the net. x2
The net rips apart, and the hornet comes free!
You barely miss the hornet.
The hornet is heavily wounded.
You feel sick. The hornet stings you!
You are more poisoned.
You feel as though you will be slow longer.
The hornet stings you but does no damage.
You hit the hornet.
The hornet is severely wounded.
You feel very sick. The hornet stings you!
You are more poisoned.
You feel as though you will be slow longer.
The hornet barely misses you.
Throw: 2 throwing nets
Press: ? - help, Q - select action, (/) - cycle Shift-Dir - straight line, f/p - hornet
Aim: a hornet (severely wounded, 48% to hit)
You throw a throwing net.
The throwing net barely misses the hornet.
The throwing net hits the scorpion.
The scorpion is caught in the net!
You feel very sick.
The hornet stings you but does no damage.
The scorpion struggles against the net.
The hornet stings you!
* * * LOW HITPOINT WARNING * * *
You feel as though you will be slow longer.
Throw: throwing net
Press: ? - help, Q - select action, (/) - cycle Shift-Dir - straight line, f/p - hornet
Aim: a hornet (severely wounded, 48% to hit)
You throw a throwing net.
The throwing net barely misses the hornet.
The throwing net barely misses the scorpion.
* * * LOW HITPOINT WARNING * * *
You feel very sick.
The scorpion struggles against the net.
The hornet closely misses you.
The scorpion struggles against the net.
The hornet stings you.
You die...

### #.########
##.# (....sy@.#
#..# ....####.#
#..# . #.# #..#
#.# #..# #.#
######..## #.#
#......... #.#
#.######## #.#
#.# #....
#.######'####.###


You could see a hornet and a scorpion (caught).

Vanquished Creatures
  A steam dragon (D:6)
  A water moccasin (D:7)
  An ogre (D:4)
  3 ice beasts
  A centaur (D:6)
  A bullfrog (D:6)
  Blork the orc (D:5)
  A scorpion (D:5)
  3 wights (D:6)
  Crazy Yiuf (D:5)
  An orc priest (D:6)
  A sleepcap (D:7)
  2 orc wizards (D:6)
  Robin (D:4)
  10 adders
  A shadow imp (D:6)
  4 ufetubi
  2 ribbon worms (D:2)
  2 dart slugs
  20 orcs
  4 endoplasms
  4 giant cockroaches
  15 goblins
  13 hobgoblins
  2 jackals (D:1)
  6 quokkas
  8 ball pythons
  2 bats (D:1)
  A frilled lizard (D:2)
  5 kobolds
  6 rats
124 creatures vanquished.

Notes
Turn   | Place    | Note
-------+----------+-------------------------------------------
     0 | D:1      | wildpjah the Merfolk Gladiator began the quest for the Orb.
     0 | D:1      | Reached XP level 1. HP: 16/16 MP: 1/1
    94 | D:1      | Reached skill level 4 in Long Blades
    94 | D:1      | Reached XP level 2. HP: 18/22 MP: 2/2
   213 | D:1      | Found a faded altar of an unknown god.
   602 | D:1      | Reached XP level 3. HP: 28/28 MP: 3/3
  1055 | D:2      | Identified the +3 chain mail "Xoshrer" {rElec Regen+ MP+9}
  1198 | D:2      | Reached skill level 5 in Long Blades
  1198 | D:2      | Reached XP level 4. HP: 34/34 MP: 4/4
  1679 | D:3      | Reached skill level 1 in Armour
  1940 | D:3      | Reached XP level 5. HP: 39/39 MP: 5/5
  2428 | D:4      | Noticed an ogre
  2435 | D:4      | Killed an ogre
  2436 | D:4      | Reached skill level 6 in Long Blades
  2436 | D:4      | Reached XP level 6. HP: 35/47 MP: 6/6
  2539 | D:4      | Identified the +8 spear of Ewuus {chaos, Will- Int+3 Dex+4}
  2574 | D:4      | Found a staircase to the Ecumenical Temple.
  2588 | D:4      | Noticed Robin
  2616 | D:4      | Killed Robin
  2657 | D:4      | Identified the +1 robe "Heumin" {rF+ Stlth+}
  2788 | D:4      | Found a glowing silver altar of Zin.
  2933 | D:5      | Entered Level 5 of the Dungeon
  3162 | D:5      | Reached skill level 7 in Long Blades
  3207 | D:5      | Noticed an ice beast
  3214 | D:5      | Killed an ice beast
  3215 | D:5      | Reached XP level 7. HP: 52/52 MP: 7/7
  3259 | D:5      | Noticed Blork the orc
  3263 | D:5      | Killed Blork the orc
  3264 | D:5      | Reached skill level 8 in Long Blades
  3460 | D:5      | Found a runed translucent door.
  3461 | D:5      | Noticed Crazy Yiuf
  3468 | D:5      | Killed Crazy Yiuf
  4117 | D:6      | Reached skill level 5 in Dodging
  4213 | D:6      | Reached skill level 9 in Long Blades
  4213 | D:6      | Reached XP level 8. HP: 54/60 MP: 8/8
  4275 | D:6      | Found a runed translucent door.
  4275 | D:6      | Noticed jejorda2's ghost (novice GnBe)
  4503 | D:6      | Found a white marble altar of Elyvilon.
  4735 | Temple   | Entered the Ecumenical Temple
  4899 | D:7      | Found a stormy altar of Qazlal.
  4930 | D:7      | Reached skill level 1 in Stealth
  4947 | D:7      | Found a shadowy altar of Dithmenos.
  5069 | D:7      | Noticed a hornet
  5073 | D:7      | Paralysed by a hornet for 1 turns
  5084 | D:7      | HP: 2/60 [poisoned by a hornet]
  5084 | D:7      | Slain by a hornet

Illustrated notes

Levels and vault maps discovered:
D:1:      psy_arrival_dodecagon, layout_basic,
          dreamdust_ecumenical_altar_statues
D:2:      layout_basic, serial_glass, glass_columns_a, glass_columns_a,
          serial_bayou_pond_d
D:3:      layout_basic, minmay_cut_off
D:4:      layout_cave_pools, mainiacjoe_overflow_surrounded_room,
          minmay_temple_entry_arrows, uniq_robin
D:5:      layout_loops_corners, minmay_misc_feat_four_crosses,
          uniq_crazy_yiuf_cottage, uniq_blork_the_orc
D:6:      layout_gridville, mainiacjoe_overflow_catwalk, gammafunk_ghost_grave
D:7:      minmay_inner_zag, layout_basic,
          mainiacjoe_overflow_concentric_impassable, grunt_qazlal_sundering,
          grunt_dithmenos_smoke_and_mirrors
Temple:   nicolae_temple_god_jail

Skill      XL: |  1  2  3  4  5  6  7  8 |
---------------+-------------------------+-----
Long Blades    | 4 5 6 7 9 |  9.7
Armour         | 1 2 3 |  3.3
Fighting       | 3 4 |  4.3
Dodging        | 5 6 |  6.4
Stealth        | 1 |  1.0
Throwing       | |  2.1
Evocations     | |  0.1

Action                     |  1- 3 |  4- 6 |  7- 9 || total
---------------------------+-------+-------+-------++-------
  Melee: Long sword        |    99 |    80 |   108 ||   287
         Punch             |       |     2 |     1 ||     3
         Great sword       |       |    72 |    41 ||   113
  Throw: Dart              |       |     2 |       ||     2
         Javelin           |       |     2 |     2 ||     4
         Throwing net      |       |     1 |     5 ||     6
  Evoke: Wand              |       |     2 |     1 ||     3
   Stab: Held in net/web   |       |       |     2 ||     2
 Armour: Leather armour    |    31 |       |       ||    31
         Chain mail        |    22 |   140 |   135 ||   297
  Dodge: Dodged            |    47 |    71 |    77 ||   195

Table legend: (Time is in decaauts)
 A = Elapsed time spent in this place.
 B = Non-inter-level travel time spent in this place.
 C = Inter-level travel time spent in this place.
 D = Time resting spent in this place.
 E = Time spent auto-exploring this place.
 F = Levels seen in this place.
 G = Mean time per level.
                   A        B        C        D        E       F      G
               +--------+--------+--------+--------+--------+-----+--------+
         Total |   5145 |   4852 |    293 |      5 |   3692 |   8 |  643.1 |
       Dungeon |   5143 |   4850 |    293 |      5 |   3692 |   7 |  734.7 |
        Temple |      1 |      1 |      0 |      0 |      0 |   1 |    1.0 |
               +--------+--------+--------+--------+--------+-----+--------+

Top non-repeatable levels by time:
     D:6: 974 daAuts
     D:5: 970 daAuts
     D:1: 931 daAuts
     D:3: 741 daAuts
     D:2: 741 daAuts
     D:4: 594 daAuts
     D:7: 188 daAuts
  Temple: 1 daAuts
